 Dungeon Crawl Stone Soup version 0.22-a0-181-gb22368a056 (webtiles) character file.

39 MrRokkomies the Chiller (level 3, -1/21 HPs)
             Began as an Octopode Ice Elementalist on Feb 14, 2018.
             Slain by a goblin (4 damage)
             ... led by Robin
             ... on level 3 of the Dungeon.
             The game lasted 00:02:55 (1303 turns).

MrRokkomies the Chiller (Octopode Ice Elementalist) Turns: 1303, Time: 00:02:55

Health: -1/21      AC:  6    Str:  7    XL:     3   Next: 47%
Magic:  3/6        EV: 14    Int: 18    God:
Gold:   16         SH:  0    Dex: 12    Spells: 0/6 levels left

rFire    . . .     SeeInvis .   (no weapon)
rCold    . . .     Gourm    .   (no shield)
rNeg     . . .     Faith    .   (helmet restricted)
rPois    .         Spirit   .   (no amulet)
rElec    .         Reflect  .   (no ring)
rCorr    .         Harm     .   (no ring)
MR       .....                  (no ring)
Stlth    +++.......             (no ring)
HPRegen  0.07/turn              (no ring)
MPRegen  0.10/turn              (no ring)
                                (no ring)
                                (no ring)

@: icy armour, slow
A: almost no armour, stealthy swim, amphibious, 8 rings, constrict 8, camouflage
1, gelatinous body 1
a: no special abilities


You were on level 3 of the Dungeon.
You were not hungry.

You visited 1 branch of the dungeon, and saw 3 of its levels.

You collected 16 gold pieces.

Inventory:

Missiles
 k - 4 javelins (quivered)
Scrolls
 d - 3 scrolls of identify {unknown}
 e - a scroll of teleportation {unknown}
 g - a scroll of magic mapping {unknown}
 h - a scroll of remove curse {unknown}
Potions
 c - a potion of agility {unknown}
 f - a potion of flight {unknown}
 i - a potion of resistance {unknown}
 j - a potion of experience {unknown}
Books
 a - a book of Frost

   Spells                             Type                      Level
   a - Freeze                         Ice                          1
   b - Throw Frost                    Conjuration/Ice              2
   c - Ozocubu's Armour               Charms/Ice                   3
   d - Throw Icicle                   Conjuration/Ice              4
   e - Summon Ice Beast               Ice/Summoning                4
Comestibles
 b - 3 rations


   Skills:
 * Level 3.0 Dodging
 - Level 2.6 Stealth
 - Level 2.0 Spellcasting
 - Level 1.0 Conjurations
 * Level 3.7 Ice Magic


You couldn't memorise any spells.
You knew the following spells:

 Your Spells              Type           Power        Failure   Level  Hunger
a - Freeze                Ice            ###.         3%          1    #......
b - Throw Frost           Conj/Ice       ##....       11%         2    ###....
c - Ozocubu's Armour      Chrm/Ice       #.......     26%         3    ###....


Dungeon Overview and Level Annotations

Branches:
Dungeon (3/15)

Altars:

Annotations:
D:2 Robin


Innate Abilities, Weirdness & Mutations

You cannot wear most types of armour.
You are very stealthy in the water. (Stealth+)
You are amphibious.
You can wear up to eight rings at the same time.
You can use your tentacles to constrict eight enemies at once.
Your skin changes colour to match your surroundings (Stealth+).
Your rubbery body absorbs attacks. (AC +1, EV +1)


Message History

* * * LOW HITPOINT WARNING * * *
You barely miss the goblin. You grab the goblin. You squeeze the goblin.
The goblin is moderately wounded.
You constrict the goblin.
The goblin hits you but does no damage. x3
You tentacle-slap the goblin but do no damage.
Your grab misses the goblin. Your squeeze misses the goblin.
You constrict the goblin.
You kill the goblin!
The goblin hits you.
* * * LOW HITPOINT WARNING * * *
The goblin misses you.
You tentacle-slap the goblin. Your grab misses the goblin.
You kill the goblin!
The goblin hits you.
* * * LOW HITPOINT WARNING * * *
You tentacle-slap the goblin but do no damage.
Your grab misses the goblin. The goblin closely misses you.
You closely miss the goblin. Your grab misses the goblin.
Your squeeze misses the goblin. The goblin hits you.
You die...

######## ###
#..g.).#....
#...@...#
#..).†..#
#.......#
#######....
####


You could see a goblin.

Vanquished Creatures
  A gnoll (D:1)
  A dart slug (D:1)
  A leopard gecko (D:1)
  3 hobgoblins
  5 kobolds (D:1)
  3 bats
  A frilled lizard (D:2)
  9 goblins
  3 rats (D:1)
27 creatures vanquished.

Notes
Turn   | Place    | Note
-------+----------+-------------------------------------------
     0 | D:1      | MrRokkomies the Octopode Ice Elementalist began the quest for the Orb.
     0 | D:1      | Reached XP level 1. HP: 11/11 MP: 3/3
   290 | D:1      | Reached XP level 2. HP: 17/17 MP: 0/5
   571 | D:1      | Reached XP level 3. HP: 14/21 MP: 6/6
   703 | D:1      | Learned a level 2 spell: Throw Frost
   707 | D:1      | Learned a level 3 spell: Ozocubu's Armour
   949 | D:1      | You fall through a shaft!
  1026 | D:2      | Noticed Robin
  1303 | D:3      | Slain by a goblin

Vault maps used:
D:1:      mainiacjoe_arrival_reflecting_pool, grunt_decor_clamped
D:2:      minivault_27, uniq_robin
D:3:      grunt_temple_overflow_opulence, marbit_many_paths,
          cheibrodos_ashenzari_chains, uniq_natasha

Skill      XL: |  1  2  3 |
---------------+----------+-----
Dodging        | 3 |  3.0
Stealth        | |  2.6
Spellcasting   | |  2.0
Conjurations   | |  1.0
Ice Magic      | |  3.7

Action                   || total
-------------------------++-------
Melee: Unarmed           ||    61
       Constrict         ||    21
       Tentacles         ||    13
 Cast: Freeze            ||     5
       Ozocubu's Armour  ||     1
 Stab: Sleeping          ||     4
  Eat: Chunk             ||     1
Armor: Skin              ||     9
Dodge: Dodged            ||    50

Table legend:
 A = Spawn XP
 B = Non-spawn XP
 C = Spawn XP percentage of total XP
 D = Spawn monster count
 E = Non-spawn monster count
 F = Spawn count percentage of total count
 G = Total turns spent on level
                    A         B        C        D         E        F      G
               +---------+---------+-------+---------+---------+-------+---------
         Total |       0 |      57 |   0.0 |       0 |      27 |   0.0 |  1303
               +---------+---------+-------+---------+---------+-------+---------
           D:1 |       0 |      42 |   0.0 |       0 |      17 |   0.0 |   949
           D:2 |       0 |       7 |   0.0 |       0 |       5 |   0.0 |    86
           D:3 |       0 |       8 |   0.0 |       0 |       5 |   0.0 |   268
               +---------+---------+-------+---------+---------+-------+---------
